 Dungeon Crawl Stone Soup version 0.30-a0-996-ga6910c8ee8 (webtiles) character file.

Game seed: 1972136707504749493

1186 cheesebisquit the Grappler (level 8, -7/74 HPs)
             Began as a Troll Fighter on Apr 4, 2023.
             Mangled by a hornet (22 damage)
             ... on level 5 of the Dungeon.
             The game lasted 00:16:25 (4137 turns).

cheesebisquit the Grappler (Troll Fighter)          Turns: 4137, Time: 00:16:26

Health: -7/74      AC:  0    Str: 27    XL:     8   Next: 19%
Magic:  0/7        EV:  8    Int:  4    God:
Gold:   268        SH:  7    Dex:  9    Spells: 7/7 levels left

rFire   . . .      SeeInvis .      - Unarmed
rCold   . . .      Faith    .    b - +0 kite shield
rNeg    . . .      Spirit   +    a - +0 robe
rPois   .          Reflect  .    (helmet restricted)
rElec   .          Rampage  .    (no cloak)
rCorr   .                        (gloves unavailable)
Will    +....                    (boots unavailable)
Stlth   +                        t - amulet of guardian spirit
HPRegen 1.12/turn                m - +4 ring of slaying
MPRegen 0.10/turn                f - ring of willpower

@: lethally poisoned (-7 -> -12), corroded, slowed, very slow
A: large, unfitting armour, claws 3, regeneration 1, shaggy fur 1, tough skin 1
a: no special abilities


You were on level 5 of the Dungeon.
You visited 2 branches of the dungeon, and saw 6 of its levels.

You collected 268 gold pieces.

Inventory:

Hand Weapons
 u - a +0 giant club
Missiles
 r - 2 throwing nets (quivered)
 y - 3 stones
Armour
 a - a +0 robe (worn)
 b - a +0 kite shield (worn)
Jewellery
 f - a ring of willpower (right claw)
 m - a +4 ring of slaying (left claw)
 t - an amulet of guardian spirit (around neck)
Scrolls
 d - 5 scrolls of teleportation
 i - 2 scrolls of enchant weapon {unknown}
 j - a scroll of amnesia {unknown}
 k - a scroll of enchant armour {unknown}
 n - a scroll of noise {unknown}
 s - a scroll of immolation {unknown}
Potions
 c - 3 potions of might
 g - 4 potions of heal wounds
 h - a potion of berserk rage
 l - a potion of curing
 o - 2 potions of haste
 q - a potion of ambrosia
 v - a potion of cancellation {unknown}
 w - a potion of resistance {unknown}
 x - a potion of magic {unknown}
 z - a potion of mutation {unknown}


   Skills:
 - Level 2.4 Fighting
 + Level 4.9 Throwing
 - Level 2.4 Dodging
 - Level 2.6 Shields
 * Level 8.3 Unarmed Combat


You had 7 spell levels left.
You didn't know any spells.
Your spell library contained the following spells:

 Spells                   Type           Power      Damage    Failure   Level
 Magic Dart               Conj           0%         1d3       80%         1
 Summon Small Mammal      Summ           0%         N/A       80%         1
 Searing Ray              Conj           0%         2d4       91%         2
 Sublimation of Blood     Necr           0%         N/A       91%         2
 Wereblood                Tmut           0%         N/A       91%         2
 Call Canine Familiar     Summ           0%         N/A       99%         3
 Ignite Poison            Fire/Tmut/Pois 0%         N/A       99%         3
 Inner Flame              Hex/Fire       0%         N/A       99%         3
 Summon Guardian Golem    Hex/Summ       0%         N/A       99%         3
 Flame Wave               Conj/Fire      0%         2d4       100%        4
 Fulminant Prism          Conj/Hex       0%         3d5       100%        4
 Sticky Flame             Conj/Fire      0%         2d3       100%        4
 Summon Hydra             Summ           0%         N/A       100%        7
 Ignition                 Fire           0%         3d3       100%        8


Dungeon Overview and Level Annotations

Branches:
Dungeon (5/15)             Temple (1/1) D:5

Altars:
Ashenzari
Cheibriados
Dithmenos
Elyvilon
Fedhas
Makhleb
Nemelex Xobeh
Ru
Sif Muna
Trog
Uskayaw
Wu Jian
Xom
Yredelemnul
The Shining One

Shops:
D:4 [


Innate Abilities, Weirdness & Mutations

You are too large for most types of armour.
You have claws for hands.
Your natural rate of healing is unusually fast.
You are covered in fur. (AC +1)
You have tough skin. (AC +1)


Message History

p - 2 poisoned darts (gained 1)
A jelly comes into view.
You throw a poisoned dart. The poisoned dart hits the jelly!
The jelly is poisoned.
You throw a poisoned dart. The poisoned dart hits the jelly.
You scratch the jelly. The acid corrodes you!
Your claws burn!
The jelly is moderately wounded.
You block the jelly's attack.
A hornet comes into view.
The hornet buzzes angrily.
You mangle the jelly!!
You kill the jelly!
You throw a datura-tipped dart. The datura-tipped dart hits the hornet!
The hornet resists.
You throw a datura-tipped dart.
The datura-tipped dart barely misses the hornet.
You throw a datura-tipped dart. The datura-tipped dart hits the hornet!
The hornet flies into a frenzy!
The hornet barely misses you.
You scratch the hornet.
The hornet is lightly wounded.
You block the hornet's attack. The hornet stings you.
You suddenly lose the ability to move!
The hornet stings you!
You feel yourself slow down.
You can move again.
You completely miss the hornet.
The hornet is lightly wounded.
The hornet stings you!
You feel as though you will be slow longer.
The hornet stings you!
You are poisoned.
You feel as though you will be slow longer.
The hornet stings you!
* * * LOW HITPOINT WARNING * * *
You are more poisoned.
You feel as though you will be slow longer.
You miss the hornet.
The hornet is lightly wounded.
You feel extremely sick. The hornet stings you!!
You die...

..........# .......<..#
..........# ..........+ ####
...##(...##
##..#########(...##
#....#......(.....#
#....#.....y......#
#....#.....@......#....
#....+.......)....#....
###'####..###...###..# #####
#...####..###.).###..##.....
#.........#.................
#.........#........8.8.8....
##....##..#........⌠.⌠.⌠....
##....##..#.........).......
#.....##..#####+##...>.##.


You could see a neutral hornet (fast, strong, insane).

Vanquished Creatures
  A black bear (D:5)
  An ogre (D:3)
  A phantom (D:4)
  2 howler monkeys
  6 hounds
  3 jellies
  A gnoll bouda (D:3)
  An orc wizard (D:3)
  3 iguanas
  8 adders
  22 gnolls
  8 worms
  A dart slug (D:1)
  22 orcs (D:3)
  3 bats
  10 endoplasms
  2 giant cockroaches (D:1)
  9 goblins
  13 hobgoblins
  17 jackals
  5 quokkas
  8 ball pythons
  5 frilled lizards
  6 kobolds
  2 rats
160 creatures vanquished.

Vanquished Creatures (others)
  A fungus (D:3)
  3 plants (D:3)
4 creatures vanquished.

Grand Total: 164 creatures vanquished

Notes
Turn   | Place    | Note
-------+----------+-------------------------------------------
     0 | D:1      | cheesebisquit the Troll Fighter began the quest for the
                  | Orb.
     0 | D:1      | Reached XP level 1. HP: 22/22 MP: 0/0
   151 | D:1      | Reached XP level 2. HP: 27/29 MP: 1/1
   314 | D:1      | Reached skill level 1 in Throwing
   367 | D:1      | Reached skill level 3 in Unarmed Combat
   386 | D:1      | Found a faded altar of an unknown god.
   549 | D:1      | Reached XP level 3. HP: 36/36 MP: 2/2
  1435 | D:3      | Reached XP level 4. HP: 44/44 MP: 3/3
  1460 | D:3      | Reached skill level 4 in Unarmed Combat
  1531 | D:3      | Reached XP level 5. HP: 37/50 MP: 4/4
  1540 | D:3      | Reached skill level 5 in Unarmed Combat
  1769 | D:3      | Reached XP level 6. HP: 47/59 MP: 5/5
  2265 | D:3      | Reached skill level 6 in Unarmed Combat
  2457 | D:3      | Reached XP level 7. HP: 66/66 MP: 6/6
  2898 | D:4      | Identified the +1 ring mail of the Watchman {rPois rC+++
                  | Slay-3 Stlth+}
  2918 | D:4      | Reached skill level 7 in Unarmed Combat
  3597 | D:4      | Found Honoare's Armour Emporium.
  3711 | D:5      | Entered Level 5 of the Dungeon
  3776 | D:5      | Found a staircase to the Ecumenical Temple.
  3784 | Temple   | Entered the Ecumenical Temple
  3946 | D:5      | Reached XP level 8. HP: 74/74 MP: 7/7
  4056 | D:5      | Reached skill level 8 in Unarmed Combat
  4130 | D:5      | Noticed a hornet
  4135 | D:5      | Paralysed by a hornet for 1 turns
  4137 | D:5      | Mangled by a hornet

Illustrated notes

Levels and vault maps discovered:
D:1:      dpeg_arrival_arbitrary_a, layout_loops_ring,
          ebering_ecumenical_altar_webs
D:2:      layout_loops_ring
D:3:      lemuel_castle_with_subvaults [lemuel_castle_interior_carwin_1],
          layout_basic, serial_rivers, chequers_serial_rivers_small_3,
          chequers_serial_rivers_small_b, chequers_serial_rivers_micro_b,
          chequers_serial_rivers_micro_e, minmay_divided_ellipse
D:4:      layout_loops_corners, serial_shops, kennysheep_mini_moat,
          nicolae_wormholes
D:5:      layout_gridville, zin_academy, minmay_temple_entry_drinking_statues,
          uniq_eustachio
Temple:   nicolae_temple_bog_church

Skill      XL: |  1  2  3  4  5  6  7  8 |
---------------+-------------------------+-----
Throwing       | 1 2 3 4 |  4.9
Unarmed Combat | 3 4 5 6 7 8 |  8.3
Fighting       | |  2.4
Dodging        | |  2.4
Shields        | |  2.6

Action                     |  1- 3 |  4- 6 |  7- 9 || total
---------------------------+-------+-------+-------++-------
  Melee: Unarmed           |    99 |   173 |    65 ||   337
  Throw: Stone             |     8 |       |    24 ||    32
         Boomerang         |     6 |     2 |    32 ||    40
         Dart              |     1 |       |    17 ||    18
    Use: Scroll            |       |       |     7 ||     7
 Armour: Robe              |    15 |    52 |     7 ||    74
  Dodge: Dodged            |    27 |    81 |    16 ||   124
  Block: Kite shield       |    30 |    78 |    19 ||   127

Table legend: (Time is in decaauts)
 A = Elapsed time spent in this place.
 B = Non-inter-level travel time spent in this place.
 C = Inter-level travel time spent in this place.
 D = Time resting spent in this place.
 E = Time spent auto-exploring this place.
 F = Levels seen in this place.
 G = Mean time per level.
                   A        B        C        D        E       F      G
               +--------+--------+--------+--------+--------+-----+--------+
         Total |   4161 |   3828 |    333 |      0 |   2814 |   6 |  693.5 |
       Dungeon |   4011 |   3692 |    319 |      0 |   2688 |   5 |  802.2 |
        Temple |    150 |    136 |     14 |      0 |    126 |   1 |  150.0 |
               +--------+--------+--------+--------+--------+-----+--------+

Top non-repeatable levels by time:
     D:3: 1370 daAuts
     D:4: 957 daAuts
     D:1: 753 daAuts
     D:2: 704 daAuts
     D:5: 226 daAuts
  Temple: 150 daAuts
